 Dungeon Crawl Stone Soup version 0.24-a0-619-gb7544fd (webtiles) character file.

Game seed: 7531936897323759149, levelgen mode: deterministic

15212 BoppinsLewinski the Cleaver (level 11, -9/92 HPs)
             Began as a Centaur Fighter on Sept 16, 2019.
             Was a High Priest of Okawaru.
             Mangled by a komodo dragon (21 damage)
             ... on level 11 of the Dungeon.
             The game lasted 00:55:04 (15881 turns).

BoppinsLewinski the Cleaver (Centaur Fighter)      Turns: 15881, Time: 00:55:05

Health: -9/92      AC: 17    Str: 20    XL:     11   Next: 98%
Magic:  14/18      EV:  5    Int:  7    God:    Okawaru [*****.]
Gold:   1224       SH:  0    Dex: 11    Spells: 10/10 levels left

rFire    . . .     SeeInvis .   G - +2 battleaxe (chop)
rCold    . . .     Gourm    .   (shield currently unavailable)
rNeg     . . .     Faith    .   u - +0 plate armour
rPois    .         Spirit   .   (no helmet)
rElec    .         Reflect  .   w - +0 cloak
rCorr    +         Harm     .   r - +0 pair of gloves
MR       .....                  (no barding)
Stlth    ..........             (no amulet)
HPRegen  0.25/turn              q - +4 ring of protection
MPRegen  0.16/turn              C - ring of resist corrosion

@: very quick
A: large, hooves 3, deformed body, speed 2, high mp 1, tough skin 3, MP-powered
wands
a: Heroism, Finesse, Renounce Religion


You were on level 11 of the Dungeon.
You worshipped Okawaru.
Okawaru was extremely pleased with you.
You were not hungry.

You visited 3 branches of the dungeon, and saw 13 of its levels.

You collected 1224 gold pieces.

Inventory:

Hand Weapons
 y - a +0 flail of holy wrath
 G - a +2 battleaxe of chopping (weapon)
Armour
 r - a +0 pair of gloves (worn)
 u - a +0 plate armour (worn)
 w - a +0 cloak (worn)
Jewellery
 b - an uncursed amulet of faith {unknown}
 q - a +4 ring of protection (left hand)
 C - a ring of resist corrosion (right hand)
Wands
 c - a wand of clouds (1)
 B - a wand of polymorph (9)
 D - a wand of flame (55)
 F - a wand of paralysis (10)
Scrolls
 d - 4 scrolls of teleportation
 e - 4 scrolls of remove curse
 g - a scroll of fog {unknown}
 h - 2 scrolls of enchant armour {unknown}
 i - a scroll of identify
 k - 4 scrolls of amnesia
 n - 7 scrolls of magic mapping
 o - 2 scrolls of fear {unknown}
 p - a scroll of immolation {unknown}
 v - 2 scrolls of enchant weapon {unknown}
 A - a scroll of blinking {unknown}
Potions
 a - 2 potions of resistance
 j - 4 potions of curing
 m - a potion of magic
Comestibles
 f - 18 rations


   Skills:
 + Level 7.3 Fighting
 + Level 11.6 Axes
 + Level 5.6 Armour
 + Level 5.0 Dodging
   Level 2.1 Shields
 + Level 7.2 Invocations
 + Level 6.1 Evocations


You had 10 spell levels left.
You didn't know any spells.
Your spell library contained the following spells:

 Spells                   Type           Power        Failure   Level  Hunger
 Animate Skeleton         Necr           N/A          100%        1    ##.....
 Apportation              Tloc           #.....       100%        1    ##.....
 Beastly Appendage        Tmut           #.....       100%        1    ##.....
 Confusing Touch          Hex            #.....       100%        1    ##.....
 Pain                     Necr           #...         100%        1    ##.....
 Summon Small Mammal      Summ           #...         100%        1    ##.....
 Sticks to Snakes         Tmut           #.......     100%        2    ###....
 Regeneration             Chrm/Necr      #.........   100%        3    ####...
 Spider Form              Tmut/Pois      #.........   100%        3    ####...
 Vampiric Draining        Necr           #.........   100%        3    ####...
 Animate Dead             Necr           N/A          100%        4    #####..
 Ice Form                 Ice/Tmut       #.......     100%        4    #####..
 Blade Hands              Tmut           #.........   100%        5    ######.
 Bolt of Magma            Conj/Fire/Erth #.........   100%        5    ######.
 Iskenderun's Battlesphe  Conj/Chrm      #.......     100%        5    ######.
 Venom Bolt               Conj/Pois      #.........   100%        5    ######.
 Iron Shot                Conj/Erth      #.........   100%        6    #######
 Orb of Destruction       Conj           #.........   100%        7    #######
 Spellforged Servitor     Conj/Summ      #.........   100%        7    #######


Dungeon Overview and Level Annotations

Branches:
Dungeon (11/15)            Temple (1/1) D:6            Lair (1/6) D:11
    Orc (0/2) D:10

Altars:
Ashenzari
Dithmenos
Fedhas
Gozag
Hepliaklqana
Kikubaaqudgha
Makhleb
Nemelex Xobeh
Okawaru
Qazlal
Ru
Sif Muna
Trog
Uskayaw
Vehumet
Xom
Yredelemnul
Zin
The Shining One
Jiyva

Annotations:
D:9 exclusion: downstairs


Innate Abilities, Weirdness & Mutations

You have hooves in place of feet.
Armour fits poorly on your strangely shaped body.
You cover ground very quickly.
You have extremely tough skin. (AC +3)
You have an increased reservoir of magic. (+10% MP)
You expend magic power (3 MP) to strengthen your wands.


Message History

Ye climb upwards.
Welcome back ta tha Dungeon!
Thar be a staircase ta tha Lair, spatt'red wit' blood 'ere.
Ye hit tha plant but do nay damage.
Tha plant be almost destroyed.
Ye hit tha plant but do nay damage.
Ye hit tha komodo dragon.
Ye hit tha yak.
Ye hit tha plant.
Ye hit tha plant but do nay damage. x3; Tha yak gores ye!
Tha komodo dragon bites ye!
Unknown command.
Ye slash tha plant!
Ye destroy tha plant!
Ye hit tha plant.
Ye hit tha komodo dragon.
Ye barely miss tha yak.
Ye slash tha plant!
Ye hit tha plant but do nay damage.
Ye slash tha plant!
Ye destroy tha plant!
Ye hit tha plant.
Tha yak gores ye!
Tha komodo dragon bites ye!!
* * * LOW HITPOINT WARNIN'
* * * Tha yak gores tha plant but does nay damage.
Tha yak gores tha plant.
Tha yak gores ye.
* * * LOW HITPOINT WARNIN'
* * * Tha komodo dragon bites ye!!
Ye die...

######.##.# #....###
#.....##.# ####.####
#.#.###..# ####....# #
#....#######....#### #
#...#...≈...#...# ####
#.....#...#.....######...
#...$##.PP##.$...........
#..#...P.PP..#..>........
##.#≈.PP@...≈#..#####....
#..YYlPP..#..# #####
#...##.Y.##....#
#....#...#.....# #
#...≈...#...#
...#######....# ## #....#
######


You could see a komodo dragon and 3 yaks.

Vanquished Creatures
  A hydra (D:11)
  An ogre mage (D:7)
  A death knight (D:11)
  Nergalle (D:10)
  2 oklob plants (D:11)
  An ugly thing (D:8)
  Joseph (D:8)
  A freezing wraith (D:10)
  2 trolls (D:9)
  A slime creature (D:7)
  3 hippogriffs
  Sigmund (D:5)
  A human (D:11)
  3 wraiths
  2 wyverns
  14 yaks
  4 vampire mosquitoes (D:9)
  A hog (D:11)
  A two-headed ogre zombie (D:10)
  An acid dragon (D:11)
  A water moccasin (D:10)
  3 orc warriors
  2 ice beasts
  A sky beast (D:7)
  A necrophage (D:8)
  4 phantoms
  A black bear (D:11)
  7 ogres
  9 centaurs
  A crocodile (D:9)
  5 bullfrogs
  3 jellies
  4 scorpions
  6 killer bees (D:10)
  2 troll zombies (D:10)
  9 wights
  5 howler monkeys
  6 crimson imps
  9 orc priests
  4 hounds
  2 centaur skeletons
  An iguana (D:9)
  17 orc wizards
  8 worker ants
  A killer bee zombie (D:8)
  5 ogre zombies (D:10)
  2 hound zombies
  A howler monkey zombie (D:9)
  A worker ant zombie (D:7)
  3 gnolls (D:6)
  3 howler monkey skeletons
  15 adders
  4 shadow imps
  An ooze (D:3)
  An adder zombie (D:6)
  A worm (D:4)
  2 dart slugs
  8 leopard geckos
  53 orcs
  5 ball pythons
  7 bats
  6 giant cockroaches
  8 goblins
  8 hobgoblins
  3 jackals (D:10)
  3 quokkas
  5 frilled lizards
  A goblin skeleton (D:10)
  4 goblin zombies (D:10)
  2 hobgoblin zombies (D:10)
  2 jackal skeletons
  8 kobolds
  2 orc skeletons (D:10)
  16 orc zombies (D:10)
  A quokka skeleton (D:4)
  A quokka zombie (D:9)
  10 rats
  4 plants (D:11)
351 creatures vanquished.

Vanquished Creatures (others)
  An orc warrior (D:8)
  A butterfly (Temple)
  4 toadstools (D:1)
6 creatures vanquished.

Grand Total: 357 creatures vanquished

Notes
Turn   | Place    | Note
-------+----------+-------------------------------------------
     0 | D:1      | BoppinsLewinski the Centaur Fighter began the quest for the
                  | Orb.
     0 | D:1      | Reached XP level 1. HP: 19/19 MP: 1/1
    42 | D:1      | Reached skill level 2 in Axes
    88 | D:1      | Reached XP level 2. HP: 19/26 MP: 2/2
   450 | D:1      | Reached skill level 3 in Axes
   548 | D:1      | You fall into a shaft and drop 1 floor!
   574 | D:2      | Reached XP level 3. HP: 31/31 MP: 3/3
   580 | D:2      | Found a radiant altar of Vehumet.
   635 | D:2      | Reached skill level 4 in Axes
   635 | D:2      | Reached XP level 4. HP: 32/38 MP: 4/4
  1083 | D:2      | Noticed an ogre
  1091 | D:2      | Killed an ogre
  1091 | D:2      | Reached skill level 5 in Axes
  1091 | D:2      | Reached XP level 5. HP: 39/45 MP: 5/5
  2129 | D:3      | Reached XP level 6. HP: 38/51 MP: 6/6
  2350 | D:3      | Found a shattered altar of Ashenzari.
  2481 | D:3      | Reached skill level 6 in Axes
  3172 | D:4      | Found a sparkling altar of Nemelex Xobeh.
  3510 | D:5      | Entered Level 5 of the Dungeon
  3515 | D:5      | Reached skill level 7 in Axes
  3515 | D:5      | Reached XP level 7. HP: 43/57 MP: 7/7
  3994 | D:5      | Noticed Sigmund
  4009 | D:5      | Killed Sigmund
  4009 | D:5      | Reached skill level 8 in Axes
  4032 | D:5      | Found a glowing golden altar of the Shining One.
  4171 | D:5      | Found an opulent altar of Gozag.
  4342 | D:5      | Found a glowing golden altar of the Shining One.
  4379 | D:5      | Found a blossoming altar of Fedhas.
  4479 | D:5      | Found a shattered altar of Ashenzari.
  4479 | D:5      | Found a glowing silver altar of Zin.
  4480 | D:5      | Found a sacrificial altar of Ru.
  4480 | D:5      | Found a shimmering blue altar of Sif Muna.
  4481 | D:5      | Found a shimmering altar of Xom.
  4483 | D:5      | Found a shadowy altar of Dithmenos.
  4625 | D:6      | Reached XP level 8. HP: 43/63 MP: 8/8
  4779 | D:6      | Reached skill level 9 in Axes
  4982 | D:6      | Found a staircase to the Ecumenical Temple.
  4993 | Temple   | Entered the Ecumenical Temple
  5010 | Temple   | Became a worshipper of Warmaster Okawaru
  6015 | D:7      | Reached skill level 10 in Axes
  6075 | D:7      | Found a burning altar of Makhleb.
  6275 | D:7      | Reached skill level 1 in Invocations
  6339 | D:7      | Gained mutation: You have an increased reservoir of magic.
                  | (+10% MP) [potion of mutation]
  6339 | D:7      | Gained mutation: You expend magic power (3 MP) to
                  | strengthen your wands. [potion of mutation]
  6345 | D:7      | Reached skill level 1 in Evocations
  6592 | D:7      | Reached * piety under Okawaru
  6623 | D:7      | Reached skill level 1 in Dodging
  6667 | D:7      | Found a stormy altar of Qazlal.
  6739 | D:7      | Found a basalt altar of Yredelemnul.
  6888 | D:8      | Noticed Joseph
  6918 | D:8      | Killed Joseph
  6918 | D:8      | Reached XP level 9. HP: 30/71 MP: 9/11
  7608 | D:8      | Reached ** piety under Okawaru
  8839 | D:9      | Noticed a red ugly thing
  8875 | D:8      | Killed a red ugly thing
  9096 | D:8      | Reached XP level 10. HP: 73/80 MP: 14/14
  9105 | D:8      | Reached *** piety under Okawaru
  9219 | D:8      | Reached skill level 5 in Fighting
 10778 | D:10     | Entered Level 10 of the Dungeon
 10984 | D:10     | Reached **** piety under Okawaru
 10998 | D:10     | Reached skill level 5 in Invocations
 11481 | D:10     | Reached skill level 11 in Axes
 11760 | D:10     | Noticed Nergalle
 11805 | D:10     | Killed Nergalle
 11807 | D:10     | Reached XP level 11. HP: 68/89 MP: 14/16
 11949 | D:9      | Reached ***** piety under Okawaru
 11949 | D:9      | Reached skill level 5 in Evocations
 12222 | D:10     | Found a staircase to the Orcish Mines.
 13005 | D:10     | Received a gift from Okawaru
 13292 | D:11     | Noticed a death knight
 13646 | D:7      | Reached skill level 5 in Armour
 13692 | D:7      | Noticed an ogre mage
 13707 | D:7      | Received a gift from Okawaru
 13720 | D:7      | Killed an ogre mage
 14410 | D:11     | Noticed a seven-headed hydra
 14425 | D:11     | Killed a seven-headed hydra
 14425 | D:11     | Received a gift from Okawaru
 14797 | D:11     | Noticed an oklob plant
 14798 | D:11     | Found a staircase to the Lair.
 14806 | D:11     | Noticed an oklob plant
 15243 | D:11     | Killed a death knight
 15821 | D:11     | Killed an oklob plant
 15821 | D:11     | Reached skill level 5 in Dodging
 15829 | D:11     | Killed an oklob plant
 15866 | Lair:1   | Entered Level 1 of the Lair of Beasts
 15881 | D:11     | Mangled by a komodo dragon

Levels and vault maps discovered:
D:1:      dpeg_arrival_rhombus, layout_basic, minmay_gold_behind_fungi,
          minmay_indecisive_spiral
D:2:      cheibrodos_old_hovel, layout_loops_ring, lemuel_crystal_altar,
          nicolae_overflow_hidden_temple, chequers_serial_rivers_micro_d,
          corner_web_ring
D:3:      layout_basic, evilmike_ruin_ashenzari
D:4:      layout_cave_pools, lemuel_doored_altar, serial_glass, glass_columns_a,
          glass_columns_a, minmay_misc_feat_pillars
D:5:      layout_cave_pools, kennysheep_little_box, fedhas_altar_4, minitemple,
          first_ration, nicolae_tso_carved_into_rock, uniq_sigmund
D:6:      layout_loops_ring, minmay_temple_entry_butterflies
D:7:      minmay_klotski, layout_basic, lemuel_crystal_altar, serial_curves,
          eino_curves_04, eino_curves_03, hangedman_feature_mirror
D:8:      layout_basic, uniq_joseph
D:9:      layout_grid_maze
D:10:     layout_cave_pools, zombieorc2_lemuel, uniq_nergalle
D:11:     layout_rooms, dpeg_oklobed_lair, grunt_livestock
Temple:   pf_slimified_temple
Lair:1:   statuecave_lemuel, layout_long_grid

Skill      XL: |  1  2  3  4  5  6  7  8  9 10 11 |
---------------+----------------------------------+-----
Axes           | 2 3 4 5 7 8 10 11 | 11.6
Invocations    | 2 3 5 7 |  7.2
Evocations     | 1 3 4 6 |  6.1
Dodging        | 1 2 3 5 |  5.0
Fighting       | 4 6 7 |  7.3
Armour         | 3 4 5 |  5.6
Shields        | |  2.1

Action                   |  1- 3 |  4- 6 |  7- 9 | 10-12 || total
-------------------------+-------+-------+-------+-------++-------
Melee: War axe           |    82 |   179 |   363 |    98 ||   722
       Kick              |    12 |    29 |   103 |   127 ||   271
       Punch             |       |       |     1 |     2 ||     3
       Battleaxe         |       |       |       |   367 ||   367
       Flail             |       |       |       |     8 ||     8
Invok: Heroism           |       |       |     5 |    15 ||    20
       Finesse           |       |       |       |     3 ||     3
Evoke: Wand              |       |       |     8 |    17 ||    25
  Use: Potion            |       |     2 |    11 |     5 ||    18
       Scroll            |       |     1 |     7 |     2 ||    10
 Stab: Paralysed         |       |       |     5 |     3 ||     8
       Invisible         |       |       |     3 |       ||     3
  Eat: Chunk             |       |     6 |    11 |     5 ||    22
       Ration            |       |       |     2 |     4 ||     6
Armor: Scale mail        |    60 |    90 |     8 |       ||   158
       Chain mail        |       |       |   134 |    46 ||   180
       Skin              |       |       |     3 |       ||     3
       Plate armour      |       |       |       |   310 ||   310
Dodge: Dodged            |    46 |    59 |    86 |   159 ||   350

Table legend:
 A = Non-vault XP
 B = Vault XP
 C = Vault XP percentage of total XP
 D = Non-vault monster count
 E = Vault monster count
 F = Vault count percentage of total count
                 A         B        C        D         E       F
            +---------+---------+-------+---------+---------+-------
      Total |   14831 |    6901 |  31.8 |     281 |      67 |  19.3
            +---------+---------+-------+---------+---------+-------
        D:1 |      44 |       6 |  12.0 |      24 |       4 |  14.3
        D:2 |     243 |       1 |   0.4 |      26 |       1 |   3.7
        D:3 |     175 |       0 |   0.0 |      25 |       0 |   0.0
        D:4 |     151 |       0 |   0.0 |      19 |       0 |   0.0
        D:5 |     542 |     220 |  28.9 |      12 |       1 |   7.7
        D:6 |     740 |       0 |   0.0 |      21 |       0 |   0.0
        D:7 |     612 |    2606 |  81.0 |      16 |      16 |  50.0
        D:8 |    3615 |     455 |  11.2 |      45 |       1 |   2.2
        D:9 |    2558 |       0 |   0.0 |      38 |       0 |   0.0
       D:10 |    3054 |    1504 |  33.0 |      43 |      37 |  46.2
       D:11 |    3097 |    2109 |  40.5 |      12 |       7 |  36.8
            +---------+---------+-------+---------+---------+-------
